 Dungeon Crawl Stone Soup version 0.32-a0-918-g0f22ef8d61 (webtiles) character file.

Game seed: 13072458077123724407

188 mrsleep the Covered (level 5, 0/34 (46) HPs)
             Began as a Minotaur Fighter on Apr 11, 2024.
             Was an Initiate of Okawaru.
             Slain by Edmund
             ... wielding a +4 flail of draining
              (1 damage)
             ... on level 5 of the Dungeon.
             The game lasted 00:10:04 (1924 turns).

mrsleep the Covered (Minotaur Fighter)              Turns: 1924, Time: 00:10:05

HP:   0/34 (46)     AC: 15    Str: 22    XL:     5   Next: 39%
MP:   4/4           EV:  5    Int:  5    God:    Okawaru [......]
Gold: 79            SH:  4    Dex: 10    Spells: 4/4 levels left

rFire   . . .        a - +0 trident
rCold   . . .        c - +0 buckler
rNeg    . . .        k - +1 plate armour
rPois   .            (helmet restricted)
rElec   .            i - +0 cloak
rCorr   .            f - +0 pair of gloves
SInv    .            (no boots)
Will    .....        (no amulet) Stlth
                     (no ring)
HPRegen 0.25/turn    (no ring)
MPRegen 0.09/turn

%: no passive effects
@: very heavily drained
A: horns 2, retaliatory headbutt
a: Renounce Religion


You were on level 5 of the Dungeon.
You worshipped Okawaru.
Okawaru was noncommittal.
You visited 1 branch of the dungeon, and saw 4 of its levels.

You collected 161 gold pieces.
You spent 82 gold pieces at shops.

Inventory:

Hand Weapons
 a - a +0 trident (weapon)
Missiles
 h - 4 poisoned darts (quivered)
Armour
 b - a +0 scale mail
 c - a +0 buckler (worn)
 f - a +0 pair of gloves (worn)
 i - a +0 cloak (worn)
 k - a +1 plate armour (worn)
Jewellery
 l - a ring of wizardry
Scrolls
 j - a scroll of vulnerability
 m - a scroll of enchant armour
 n - a scroll of identify {unknown}
Potions
 d - a potion of might
 e - 2 potions of haste {unknown}
 g - 2 potions of curing {unknown}


   Skills:
 + Level 4.1 Fighting
 + Level 4.3 Polearms
 + Level 0.2 Throwing
 + Level 4.8 Armour
 + Level 1.0 Dodging
 + Level 0.4 Stealth
 + Level 4.7 Shields


You had 4 spell levels left.
You didn't know any spells.
Your spell library was empty.

Dungeon Overview and Level Annotations

Branches:
Dungeon (3/15)

Altars:
Elyvilon
Okawaru

Shops:
D:3 ?

Annotations:
D:5 Edmund


Innate Abilities, Weirdness & Mutations

You have a pair of horns on your head.
You reflexively headbutt those who attack you in melee.


Message History

You are too injured to fight recklessly!
You hit Edmund.
Edmund is heavily wounded.
You block Edmund's attack.
You barely miss Edmund.
Edmund is heavily wounded.
Edmund completely misses you.
You closely miss Edmund.
Edmund is heavily wounded.
Edmund hits you with a +4 flail of draining.
You feel drained.
You barely miss Edmund.
Edmund is heavily wounded.
Edmund hits you but does no damage.
You feel drained.
You hit Edmund but do no damage.
Edmund is heavily wounded.
Edmund hits you but does no damage.
You feel drained.
You hit Edmund but do no damage.
Edmund is heavily wounded.
Edmund hits you but does no damage.
You feel drained.
You hit Edmund.
Edmund is heavily wounded.
Edmund hits you with a +4 flail of draining!
* * * LOW HITPOINT WARNING * * *
You feel drained.
* * * LOW HITPOINT WARNING * * *
Edmund barely misses you.
You puncture Edmund!
Edmund is severely wounded.
Edmund hits you but does no damage.
You feel drained.
You hit Edmund but do no damage.
Edmund is severely wounded.
Edmund barely misses you.
You hit Edmund but do no damage.
Edmund is severely wounded.
Edmund hits you with a +4 flail of draining.
* * * LOW HITPOINT WARNING * * *
You feel drained.
You die...
Edmund says, "I'd like to see a scythe do that!"

##..## #((.... #..##
..(.... ####..# .......
##....### ##.............
#.......### #..(..........#
#.........####.............
#.....#.....###............
#.....####.[..@#[.........
#.....# ###..@..........
#.....# ###.......# #....##
##......# #....#
###...##..## #...##
###...#####..# #...#
##....## ##.## ##.##
###....## #..#
#.####...#### ##.##
#.##....## #..#


You could see Edmund.

Vanquished Creatures
  An ice beast (D:5)
  5 adders
  2 dart slugs (D:1)
  3 endoplasms
  2 giant cockroaches (D:2)
  4 goblins
  6 hobgoblins
  6 jackals
  4 quokkas
  6 ball pythons
  5 bats
  5 frilled lizards
  2 kobolds
  2 rats (D:1)
53 creatures vanquished.

Notes
Turn   | Place    | Note
-------+----------+-------------------------------------------
     0 | D:1      | mrsleep the Minotaur Fighter began the quest for the Orb.
     0 | D:1      | Reached XP level 1. HP: 19/19 MP: 0/0
    85 | D:1      | Reached XP level 2. HP: 24/27 MP: 1/1
   599 | D:2      | Reached XP level 3. HP: 33/33 MP: 2/2
  1463 | D:2      | Found an iron altar of Okawaru.
  1471 | D:2      | Became a worshipper of Warmaster Okawaru
  1596 | D:3      | Found Motoz's Magic Scroll Shoppe.
  1604 | D:3      | Bought a scroll of enchant armour for 82 gold pieces
  1641 | D:3      | Reached XP level 4. HP: 38/40 MP: 3/3
  1751 | D:3      | You fall into a shaft and drop 2 floors!
  1751 | D:5      | Entered Level 5 of the Dungeon
  1765 | D:5      | Found a white marble altar of Elyvilon.
  1832 | D:5      | Noticed an ice beast
  1844 | D:5      | Killed an ice beast
  1845 | D:5      | Reached skill level 1 in Dodging
  1845 | D:5      | Reached XP level 5. HP: 46/46 MP: 4/4
  1904 | D:5      | Noticed Edmund
  1924 | D:5      | HP: 1/35 [Edmund/+4 flail of draining (3)]
  1924 | D:5      | Slain by Edmund

Illustrated notes

Levels and vault maps discovered:
D:1:      wheals_arrival_linesprint, layout_rooms
D:2:      minmay_spotlight, layout_basic, basic_altar
D:3:      layout_loops_cross, mainiacjoe_overflow_six_doors_small,
          nicolae_sif_muna_condensation, serial_shops, shop,
          chequers_serial_rivers_small_a
D:5:      layout_cave_pods, elyvilon_altar_1, minmay_temple_entry_offerings,
          serial_shops, shop, shop, nicolae_half_adder, uniq_grinder,
          uniq_edmund

Skill      XL: |  1  2  3  4 |
---------------+-------------+-----
Shields        | 4 |  4.7
Armour         | 4 |  4.8
Fighting       | 4 |  4.1
Polearms       | 3 4 |  4.3
Dodging        | 1 |  1.0
Throwing       | |  0.2
Stealth        | |  0.4

Action                     |  1- 3 |  4- 6 || total
---------------------------+-------+-------++-------
  Melee: Trident           |   139 |    44 ||   183
         Headbutt          |    14 |     2 ||    16
  Throw: Dart              |       |     9 ||     9
    Use: Scroll            |     3 |       ||     3
 Armour: Scale mail        |    60 |       ||    60
         Plate armour      |    62 |    30 ||    92
  Dodge: Dodged            |    47 |     9 ||    56
  Block: Buckler           |    28 |    10 ||    38

Table legend: (Time is in decaauts)
 A = Elapsed time spent in this place.
 B = Non-inter-level travel time spent in this place.
 C = Inter-level travel time spent in this place.
 D = Time resting spent in this place.
 E = Time spent auto-exploring this place.
 F = Levels seen in this place.
 G = Mean time per level.
                   A        B        C        D        E       F      G
               +--------+--------+--------+--------+--------+-----+--------+
         Total |   1958 |   1884 |     74 |    249 |   1177 |   4 |  489.5 |
       Dungeon |   1958 |   1884 |     74 |    249 |   1177 |   4 |  489.5 |
               +--------+--------+--------+--------+--------+-----+--------+

Top non-repeatable levels by time:
     D:2: 1014 daAuts
     D:1: 601 daAuts
     D:5: 175 daAuts
     D:3: 166 daAuts
